 Dungeon Sprint DCSS version 0.31-a0-920-g28cbb04a8c (webtiles) character file.

Game seed: 13806001157717868834

3315 sircluck the Grappler (level 9, -2/105 HPs)
             Began as a Troll Berserker on Oct 17, 2023.
             Was a High Priest of Trog.
             Slain by a demonic crawler (14 damage)
             ... in the Dungeon (Sprint VII: "The Pits").
             The game lasted 00:01:59 (650 turns).

sircluck the Grappler (Troll Berserker)              Turns: 650, Time: 00:02:00

Health: -2/105     AC:  5    Str: 31    XL:     9   Next: 70%
Magic:  8/8        EV: 13    Int:  9    God:    Trog [*****.]
Gold:   0          SH:  0    Dex:  9    Spells: 8/8 levels left

rFire   . .          .
                       - Unarmed
rCold   . . .        (no shield)
rNeg    . . .        a - +0 animal skin
rPois   .            (helmet restricted)
rElec   .            n - +0 cloak
rCorr   .            (gloves unavailable)
SInv    .            (boots unavailable)
Will    .....        (no amulet)
Stlth   +            k - +3 ring of intelligence
HPRegen 1.17/turn    l - +3 ring of intelligence
MPRegen 0.11/turn

%: no teleportation
@: no status effects
A: large, unfitting armour, claws 3, regeneration 1, shaggy fur 1, tough skin 1
a: Renounce Religion, Berserk, Trog's Hand, Brothers in Arms


You were in the Dungeon.
You worshipped Trog.
Trog was extremely pleased with you.
You visited 1 branch

Inventory:

Armour
 a - a +0 animal skin (worn)
 n - a +0 cloak (worn)
Jewellery
 k - a +3 ring of intelligence (left claw)
 l - a +3 ring of intelligence (right claw)
Scrolls
 g - a scroll of blinking
 i - 2 scrolls of vulnerability
 j - a scroll of butterflies
Potions
 b - 5 potions of curing
 c - 10 potions of heal wounds
 d - a potion of haste
 e - 4 potions of magic
 f - 4 potions of berserk rage
 h - 2 potions of invisibility
 m - 3 potions of might


   Skills:
 + Level 11.5 Fighting
 + Level 11.4 Dodging
 + Level 13.4 Unarmed Combat


You had 8 spell levels left.
You didn't know any spells.
Your spell library was empty.

Dungeon Overview and Level Annotations

Branches:
Dungeon (1/1)

Altars:
Ashenzari
Cheibriados
Dithmenos
Elyvilon
Fedhas
Gozag
Hepliaklqana
Kikubaaqudgha
Makhleb
Nemelex Xobeh
Okawaru
Qazlal
Ru
Sif Muna
Trog
Uskayaw
Vehumet
Wu Jian
Xom
Yredelemnul
Zin
The Shining One
Jiyva
Lugonu


Innate Abilities, Weirdness & Mutations

You are too large for most types of armour.
You have claws for hands.
Your natural rate of healing is unusually fast.
You are covered in fur. (AC +1)
You have tough skin. (AC +1)


Message History

The demonic crawler is heavily wounded.
The demonic crawler closely misses you. The demonic crawler barely misses you.
The demonic crawler hits you!
You scratch the demonic crawler. Your claw misses the demonic crawler.
The demonic crawler is moderately wounded.
The demonic crawler hits you!
The demonic crawler barely misses you. x2
You mangle the demonic crawler!!
The demonic crawler is almost dead.
The demonic crawler hits you. The demonic crawler hits you!
The demonic crawler hits you but does no damage.
You barely miss the demonic crawler.
The demonic crawler is almost dead.
The demonic crawler barely misses you. The demonic crawler hits you.
The demonic crawler closely misses you.
You scratch the demonic crawler but do no damage.
The demonic crawler is severely wounded.
The demonic crawler closely misses you. x2; The demonic crawler misses you.
You scratch the demonic crawler.
The demonic crawler is severely wounded.
The demonic crawler hits you! The demonic crawler misses you.
The demonic crawler barely misses you.
You mangle the demonic crawler!!
The demonic crawler is almost dead.
The demonic crawler hits you! The demonic crawler barely misses you.
The demonic crawler hits you but does no damage.
You barely miss the demonic crawler.
The demonic crawler is severely wounded.
The demonic crawler barely misses you. The demonic crawler closely misses you.
The demonic crawler hits you!
* * * LOW HITPOINT WARNING * * *
You barely miss the demonic crawler.
The demonic crawler is severely wounded.
The demonic crawler barely misses you. The demonic crawler closely misses you.
The demonic crawler hits you!
* * * LOW HITPOINT WARNING * * *
Unknown command.
You barely miss the demonic crawler.
The demonic crawler is heavily wounded.
The demonic crawler hits you!
You die...

.†..##.......##......#
....##.......##....###
'#####...<...##...##.+
))[.##.......##..##..#
))[.##.......##..#..#
######.......##..#..#
.#..###########..'..+
.#.############.s#
.#)#....#..[[##.@#
.#)#)...#...[##..#
.#.)....'..))##...#
.#'#....#!.))##....#
.'.#....#!.))##......
######################


You could see a demonic crawler.

Vanquished Creatures
  A boulder beetle (D)
  A bog body (D)
  A deep elf pyromancer (D)
  A manticore (D)
  A cane toad (D)
  A tyrant leech (D)
  A flying skull (D)
  A redback (D)
  A warg (D)
  A floating eye (D)
  An ice beast (D)
  A sky beast (D)
  A bullfrog (D)
  A scorpion (D)
  A gnoll bouda (D)
  2 iron imps (D)
  Terence (D)
  4 gnolls (D)
  An adder zombie (D)
  An adder skeleton (D)
  A worm (D)
  A giant cockroach (D)
  2 jackals (D)
  A bat (D)
  A jackal skeleton (D)
  A rat (D)
31 creatures vanquished.

Notes
Turn   | Place    | Note
-------+----------+-------------------------------------------
     0 | D        | sircluck the Troll Berserker began the quest for the Orb.
     0 | D        | Reached XP level 1. HP: 22/22 MP: 0/0
    11 | D        | Noticed a floating eye
    12 | D        | Paralysed by a floating eye for 4 turns
    17 | D        | Killed a floating eye
    18 | D        | Reached skill level 5 in Fighting
    18 | D        | Reached skill level 6 in Unarmed Combat
    18 | D        | Reached XP level 2. HP: 35/35 MP: 1/1
    18 | D        | Reached XP level 3. HP: 42/42 MP: 2/2
    18 | D        | Reached XP level 4. HP: 50/50 MP: 3/3
    26 | D        | Found a bloodstained altar of Trog.
    26 | D        | Found a shimmering blue altar of Sif Muna.
    26 | D        | Found a viscous altar of Jiyva.
    26 | D        | Found a hazy altar of Hepliaklqana.
    26 | D        | Found an opulent altar of Gozag.
    27 | D        | Found a glowing golden altar of the Shining One.
    27 | D        | Found a glowing silver altar of Zin.
    27 | D        | Found a basalt altar of Yredelemnul.
    27 | D        | Found a shimmering altar of Xom.
    27 | D        | Found an ornate altar of the Wu Jian Council.
    27 | D        | Found a sacrificial altar of Ru.
    27 | D        | Found a stormy altar of Qazlal.
    27 | D        | Found an iron altar of Okawaru.
    27 | D        | Found a sparkling altar of Nemelex Xobeh.
    27 | D        | Found a burning altar of Makhleb.
    27 | D        | Found a blossoming altar of Fedhas.
    27 | D        | Found a white marble altar of Elyvilon.
    27 | D        | Found a shadowy altar of Dithmenos.
    27 | D        | Found a snail-covered altar of Cheibriados.
    31 | D        | Found a corrupted altar of Lugonu.
    31 | D        | Found a radiant altar of Vehumet.
    32 | D        | Found a broken altar of Ashenzari.
    32 | D        | Found an ancient bone altar of Kikubaaqudgha.
    32 | D        | Found a hide-covered altar of Uskayaw.
    73 | D        | Reached skill level 5 in Dodging
    74 | D        | Noticed a scorpion
    80 | D        | Reached ** piety under Trog
    84 | D        | Killed a scorpion
    85 | D        | Reached skill level 7 in Unarmed Combat
    85 | D        | Reached XP level 5. HP: 13/59 MP: 4/4
   134 | D        | Reached *** piety under Trog
   161 | D        | Reached **** piety under Trog
   191 | D        | Noticed a warg
   191 | D        | Noticed a flying skull
   192 | D        | Noticed a sky beast
   212 | D        | Killed a flying skull
   213 | D        | Reached skill level 8 in Unarmed Combat
   213 | D        | Reached XP level 6. HP: 51/71 MP: 5/5
   221 | D        | Killed a sky beast
   222 | D        | Reached skill level 9 in Unarmed Combat
   226 | D        | Reached XP level 7. HP: 60/79 MP: 6/6
   229 | D        | Reached ***** piety under Trog
   272 | D        | Reached skill level 10 in Unarmed Combat
   287 | D        | Noticed a boulder beetle
   301 | D        | Killed a boulder beetle
   302 | D        | Reached skill level 11 in Unarmed Combat
   302 | D        | Reached XP level 8. HP: 17/92 MP: 7/7
   379 | D        | Received a gift from Trog
   386 | D        | Noticed a deep elf pyromancer
   389 | D        | Noticed Terence
   397 | D        | Killed a deep elf pyromancer
   398 | D        | Reached skill level 10 in Fighting
   398 | D        | Reached skill level 10 in Dodging
   398 | D        | Reached skill level 12 in Unarmed Combat
   398 | D        | Reached XP level 9. HP: 102/102 MP: 8/8
   399 | D        | Killed Terence
   519 | D        | Noticed a bog body
   524 | D        | Killed a bog body
   524 | D        | Identified the +3 glaive of Plunder {heavy, rElec rN+ Int-5
                  | SInv} (Trog gifted it to you in the Dungeon)
   524 | D        | Received a gift from Trog
   548 | D        | Noticed a manticore
   549 | D        | Noticed a tyrant leech
   552 | D        | Killed a manticore
   553 | D        | Reached skill level 13 in Unarmed Combat
   565 | D        | Killed a tyrant leech
   636 | D        | Noticed a cane toad
   638 | D        | Noticed a demonic crawler
   640 | D        | Killed a cane toad
   650 | D        | Slain by a demonic crawler

Illustrated notes

Levels and vault maps discovered:
D:        pitsprint [storerooms_1, entrance_room_1, metal_vault_6, armoury_2,
          mini_pit_1, grid_room_1, main_hall_1, silver_pit, the_coven_3,
          the_vestibule_1, steel_vault_1, golden_pit, hallway_of_sentries,
          crystal_vault_2, iron_vault_1, final_vault]

Skill      XL: |  1  2  3  4  5  6  7  8  9 |
---------------+----------------------------+-----
Fighting       | 5 7 9 10 11 | 11.5
Dodging        | 4 5 7 9 10 11 | 11.4
Unarmed Combat | 6 7 8 9 11 12 13 | 13.4

Action                     |  1- 3 |  4- 6 |  7- 9 || total
---------------------------+-------+-------+-------++-------
  Melee: Unarmed           |     2 |    46 |    78 ||   126
         Punch             |       |     4 |     5 ||     9
 Invoke: Berserk           |       |       |     1 ||     1
    Use: Potion            |       |     1 |       ||     1
 Armour: Animal skin       |       |    30 |    45 ||    75
  Dodge: Dodged            |       |    23 |    42 ||    65

Table legend: (Time is in decaauts)
 A = Elapsed time spent in this place.
 B = Non-inter-level travel time spent in this place.
 C = Inter-level travel time spent in this place.
 D = Time resting spent in this place.
 E = Time spent auto-exploring this place.
 F = Levels seen in this place.
 G = Mean time per level.
                   A        B        C        D        E       F      G
               +--------+--------+--------+--------+--------+-----+--------+
         Total |    633 |    633 |      0 |    236 |    135 |   1 |  633.0 |
       Dungeon |    633 |    633 |      0 |    236 |    135 |   1 |  633.0 |
               +--------+--------+--------+--------+--------+-----+--------+

Top non-repeatable levels by time:
       D: 633 daAuts
